 Dungeon Crawl Stone Soup version 0.20.0-9-g8272e65 (webtiles) character file.

2530 Kosschaser the Slasher (level 9, -1/42 HPs)
             Began as a Vine Stalker Fighter on June 3, 2017.
             Was an Initiate of Qazlal.
             Slain by a big kobold
             ... wielding a +0 whip
              (4 damage)
             ... on level 7 of the Dungeon.
             The game lasted 00:23:25 (6319 turns).

Kosschaser the Slasher (Vine Stalker Fighter)       Turns: 6319, Time: 00:23:26

Health: -1/42      AC: 10    Str: 19    XL:     9   Next: 54%
Magic:  0/10       EV: 10    Int:  8    God:    Qazlal [......]
Gold:   280        SH: 10    Dex: 17    Spells: 8/8 levels left

rFire    . . .     SeeInvis +   a - +0 long sword
rCold    . . .     Gourm    .   c - +0 shield
rNeg     . . .     Faith    .   b - +0 scale mail
rPois    .         Spirit   +   (no helmet)
rElec    .         Reflect  .   o - +0 cloak
rCorr    .         Harm     .   (no gloves)
MR       +....     Rnd*Rage +   (no boots)
Stlth    ..........             k - amulet of rage
Regen    0.6/turn               (no ring)
MPRegen  0.2/turn               C - ring of see invisible

@: lethally poisoned (-1 -> -10), about to teleport
A: fangs 3, icy blue scales 1, berserk 1, frail 1, regeneration 1, magic shield,
antimagic bite, no potion heal 3, rot immunity
a: Renounce Religion, Evoke Berserk Rage


You were on level 7 of the Dungeon.
You worshipped Qazlal.
Qazlal was noncommittal.
You were not hungry.

You visited 2 branches of the dungeon, and saw 8 of its levels.
You also visited: Sewer.

You collected 302 gold pieces.
You spent 22 gold pieces at shops.

Inventory:

Hand Weapons
 a - a +0 long sword (weapon)
Armour
 b - a +0 scale mail (worn)
 c - a +0 shield (worn)
 o - a +0 cloak (worn)
Jewellery
 h - an uncursed ring of fire
 k - an amulet of rage (around neck)
 m - an uncursed ring of wizardry
 C - a ring of see invisible (right hand)
Wands
 v - a wand of confusion (27/48)
 w - a wand of flame (19/48)
 B - a wand of flame (15/48)
Scrolls
 l - 2 scrolls of teleportation
 n - a scroll of fog
 p - a scroll of fear {unknown}
 q - a scroll of noise {unknown}
 u - a scroll of enchant armour
 y - a scroll of recharging {unknown}
 E - a scroll of acquirement {unknown}
 F - a scroll of identify
Potions
 d - 3 potions of might
 e - a potion of curing {unknown}
 j - a potion of heal wounds {unknown}
 r - 2 potions of mutation
 s - 3 potions of agility {unknown}
 t - a potion of haste {unknown}
 x - 2 potions of lignification {unknown}
 z - a potion of resistance {unknown}
 A - 2 potions of flight {unknown}
Comestibles
 f - 4 bread rations
 g - 2 meat rations
 i - 4 royal jellies
 D - 3 chunks of flesh


   Skills:
 + Level 5.1 Fighting
 + Level 6.5 Long Blades
 + Level 5.2 Armour
 * Level 4.1 Dodging
 + Level 5.7 Shields


You had 8 spell levels left.
You didn't know any spells.

Dungeon Overview and Level Annotations

Branches:
Dungeon (7/15)             Temple (1/1) D:6

Altars:
Ashenzari
Cheibriados
Dithmenos
Elyvilon
Fedhas
Gozag
Hepliaklqana
Kikubaaqudgha
Makhleb
Nemelex Xobeh
Okawaru
Qazlal
Ru
Sif Muna
Trog
Uskayaw
Vehumet
Xom
Yredelemnul
Zin
The Shining One

Shops:
D:4 *   D:5 *


Innate Abilities, Weirdness & Mutations

You have razor-sharp teeth.
Your natural rate of healing is unusually fast.
When hurt, damage is shared between your health and your magic reserves.
Your bite disrupts and absorbs the magic of your enemies.
Potions cannot restore your health.
You are immune to rotting.
You are partially covered in icy blue scales. (AC +2)
You tend to lose your temper in combat.
You are frail. (-10% HP)


Message History

You feel sick. The killer bee stings you!
* * * LOW HITPOINT WARNING * * *
The killer bee stings you.
You are lethally poisoned!
The killer bee poisons you!
It was a potion of mutation.
You feel extremely strange.
You feel a little pissed off.
You feel frail.
Icy blue scales grow over part of your body.
* * * LOW HITPOINT WARNING * * *
You feel sick. The killer bee barely misses you.
The big kobold hits you with a whip.
* * * LOW HITPOINT WARNING * * *
The killer bee stings you.
Unknown command.
As you read the scroll of teleportation, it crumbles to dust.
You feel strangely unstable.
* * * LOW HITPOINT WARNING * * *
You feel sick. The killer bee closely misses you.
The big kobold hits you with a whip.
You die...

#.###..# ...#..# ## ##.#..#
..# ##.....#
#.#####......######.
#.##..........$...y.
#.##.##.....y#.#.###
#.##.###...#.#K#
#.#.#.#####yy#@#.#
#..###.###.#.#y#.## ##.##
##......yy...# #.##
##.......#..# ##.##
##.###..##...# #######
##.###.#.##.##.#..# #.^....
##.#..##.#.#.....#######.#####
#.#......................#
##.#.............#########


You could see a big kobold and 3 killer bees.

Vanquished Creatures
  The ghost of ArtsTyrian the Insei, a novice DsCK of Xom (D:6)
  An ice beast (D:7)
  2 orc warriors
  A phantom (D:5)
  2 ogres
  The ghost of Darkell the Chiller, an amateur DsIE (Sewer)
  2 bullfrogs
  A water moccasin zombie (D:5)
  A water moccasin skeleton (D:5)
  A scorpion (D:7)
  A killer bee (D:7)
  2 vampire bats (D:5)
  2 crimson imps
  An orc priest (D:5)
  A centaur skeleton (D:7)
  4 hounds
  8 orc wizards
  A bullfrog skeleton (D:5)
  A gnoll shaman (D:5)
  3 iguanas (D:6)
  2 worker ants
  A hound skeleton (D:5)
  9 gnolls
  A howler monkey skeleton (D:4)
  13 adders
  3 shadow imps
  2 adder zombies (D:4)
  2 adder skeletons
  A worm (D:2)
  2 dart slugs (D:1)
  8 leopard geckos
  27 orcs
  5 bat skeletons (D:5)
  2 bat zombies (D:5)
  11 giant cockroaches
  8 goblins
  11 hobgoblins
  13 jackals
  4 kobolds
  5 quokkas
  2 ball pythons (Sewer)
  17 bats
  5 frilled lizards
  3 jackal zombies (D:4)
  6 rats
200 creatures vanquished.

Notes
Turn   | Place    | Note
-------+----------+-------------------------------------------
     0 | D:1      | Kosschaser the Vine Stalker Fighter began the quest for the Orb.
     0 | D:1      | Reached XP level 1. HP: 11/11 MP: 2/2
    65 | D:1      | Reached skill level 2 in Long Blades
   112 | D:1      | Reached XP level 2. HP: 16/16 MP: 3/3
   689 | D:1      | Reached XP level 3. HP: 20/20 MP: 4/4
  1215 | D:2      | Gained mutation: Your natural rate of healing is unusually fast. [Vine Stalker growth]
  1215 | D:2      | Reached XP level 4. HP: 23/24 MP: 5/5
  2190 | D:3      | Reached XP level 5. HP: 20/28 MP: 2/6
  2472 | D:3      | Reached skill level 3 in Long Blades
  2582 | D:4      | Found Giunow's General Store.
  2592 | D:4      | Noticed an ogre
  2741 | D:4      | Reached skill level 1 in Dodging
  2741 | D:4      | Reached XP level 6. HP: 24/32 MP: 7/7
  3150 | D:4      | Reached skill level 4 in Long Blades
  3150 | D:4      | Reached XP level 7. HP: 32/37 MP: 6/8
  3515 | D:5      | Entered Level 5 of the Dungeon
  3591 | D:5      | Found Wenitiat's General Store.
  3915 | D:5      | Bought a scroll of identify for 22 gold pieces
  3948 | D:5      | Got a wizard robe
  3959 | D:5      | Identified the +1 robe "Enaxziz" {+Fly rPois Str-5 Int+5} (You found it on level 5 of the Dungeon)
  4079 | D:5      | Found an ancient bone altar of Kikubaaqudgha.
  4098 | D:5      | Gained mutation: You have razor-sharp teeth. [Vine Stalker growth]
  4098 | D:5      | Reached XP level 8. HP: 42/42 MP: 9/9
  4163 | D:5      | Found a shattered altar of Ashenzari.
  4341 | D:5      | Reached skill level 5 in Long Blades
  4344 | D:5      | Reached skill level 5 in Shields
  4614 | D:6      | Noticed ArtsTyrian's ghost (novice DsCK)
  4692 | D:6      | Killed ArtsTyrian's ghost
  4692 | D:6      | Reached XP level 9. HP: 28/46 MP: 6/10
  4735 | D:6      | Found a blossoming altar of Fedhas.
  4735 | D:6      | Found a sacrificial altar of Ru.
  4858 | D:6      | Found a shadowy altar of Dithmenos.
  4950 | D:6      | Found a glowing drain.
  4995 | Sewer    | Entered a sewer
  5238 | Sewer    | Reached skill level 6 in Long Blades
  5407 | Sewer    | Noticed Darkell's ghost (amateur DsIE)
  5420 | Sewer    | Killed Darkell's ghost
  5717 | D:6      | Found a staircase to the Ecumenical Temple.
  5732 | Temple   | Entered the Ecumenical Temple
  5750 | Temple   | Became a worshipper of Qazlal Stormbringer
  6093 | D:7      | Reached skill level 5 in Fighting
  6093 | D:7      | Reached skill level 5 in Armour
  6318 | D:7      | Gained mutation: You tend to lose your temper in combat. [potion of mutation]
  6318 | D:7      | Gained mutation: You are frail. (-10% HP) [potion of mutation]
  6318 | D:7      | Gained mutation: You are partially covered in icy blue scales. (AC +2) [potion of mutation]
  6319 | D:7      | Slain by a big kobold

Skill      XL: |  1  2  3  4  5  6  7  8  9 |
---------------+----------------------------+-----
Long Blades    | 2 3 4 5 6 |  6.5
Fighting       | 3 4 5 |  5.1
Shields        | 3 4 5 |  5.7
Armour         | 3 4 5 |  5.2
Dodging        | 1 2 3 4 |  4.1

Action                   |  1- 3 |  4- 6 |  7- 9 || total
-------------------------+-------+-------+-------++-------
Melee: Long sword        |    97 |   203 |   444 ||   744
       Bite              |    21 |    57 |   174 ||   252
  Use: Scroll            |       |       |     8 ||     8
       Potion            |       |       |     1 ||     1
  Eat: Chunk             |     1 |     6 |    13 ||    20
Armor: Scale mail        |    55 |    97 |   158 ||   310
Dodge: Dodged            |    34 |    66 |   188 ||   288
Block: Shield            |    51 |   106 |   299 ||   456
       Rpst.: Long sword |    14 |    24 |    64 ||   102
